Map: King Sejong Station LE

Players

Aegwynn

  • Race: Zerg Zerg
  • League: Master

Zerghamdi - Winner!

  • Race: Zerg Zerg
  • League: Master

VOD

https://www.youtube.com/channel/UCcSgNfDNxvyisU-eCj9xyNg/playlists

Description

Time

  • Played on: Aug. 14, 2016, 12:47 p.m.
  • Length: 6:48
Show
View Real Time Build Order
Export as new Build Order

Aegwynn Zerg 

Build Orders: Pool First 

Get SALT Encoding   

  12  0:01  Drone  
  13  0:12  Overlord  
  13  0:18  Drone  
  14  0:30  Drone x2  
  14  0:34  Drone  
  17  0:45  Spawning Pool  
  16  0:50  Drone  
  17  1:10  Hatchery  
  16  1:13  Drone  
  16  1:16  Drone  
  18  1:20  Extractor  
  18  1:24  Overlord  
  17  1:31  Drone  
  18  1:36  Queen  
  20  1:42  Zergling x2  
  21  1:50  Zergling x2  
  22  2:05  Drone  
  23  2:18  Drone  
  23  2:21  Queen  
  26  2:23  Metabolic Boost  
  26  2:24  Drone  
  26  2:25  Drone  
  28  2:35  Zergling x4  
  30  2:44  Overlord  
  30  2:45  Drone  
  30  3:03  Drone x4  
  34  3:11  Baneling Nest  
  33  3:13  Drone x2  
  33  3:17  Hatchery  
  34  3:22  Zergling x2  
  35  3:29  Drone x2  
  37  3:36  Queen  
  37  3:39  Overlord  
  39  3:45  Zergling x10  
  43  3:59  Drone  
  43  4:00  Drone x3  
  47  4:03  Overlord x2  
  47  4:09  Baneling x3  
  47  4:21  Overlord  
  47  4:22  Roach Warren, Baneling x2  
  46  4:29  Drone x3  
  46  4:30  Drone x3  
  30  4:49  Drone  
  30  4:50  Drone x3  
  32  4:59  Zergling x2  
  30  5:00  Zergling x10  
  34  5:13  Roach x3  
  36  5:23  Baneling  
  36  5:26  Drone x4  
  36  5:38  Zergling x8  
  39  5:49  Roach x2  
  42  5:51  Drone x2  
  40  6:04  Roach x2  
  42  6:16  Baneling x8  
  42  6:18  Zergling x6  
  45  6:27  Drone x2  
Show
View Real Time Build Order
Export as new Build Order

Zerghamdi Zerg - Winner!

Build Orders: Pool First 

Get SALT Encoding   

  12  0:00  Drone  
  13  0:12  Overlord  
  13  0:17  Drone  
  14  0:30  Drone x2  
  14  0:34  Drone  
  17  0:44  Spawning Pool  
  17  0:47  Drone  
  17  0:55  Drone  
  18  1:11  Hatchery  
  18  1:13  Extractor  
  18  1:15  Drone  
  17  1:19  Drone  
  18  1:30  Queen  
  18  1:32  Zergling x2  
  21  1:39  Overlord  
  21  1:49  Zergling x2  
  22  2:00  Drone  
  23  2:06  Queen  
  25  2:12  Baneling Nest  
  24  2:17  Drone  
  26  2:24  Metabolic Boost, Drone  
  26  2:25  Queen  
  26  2:26  Drone  
  30  2:32  Drone  
  30  2:34  Drone  
  32  2:39  Drone x2  
  32  2:40  Drone  
  35  2:45  Overlord  
  34  2:53  Baneling Nest  
  34  2:54  Drone  
  34  2:57  Drone  
  35  3:04  Drone  
  36  3:07  Drone  
  36  3:08  Drone  
  36  3:11  Drone x2  
  40  3:12  Overlord  
  40  3:21  Zergling x6  
  40  3:25  Overlord  
  43  3:32  Zergling x4  
  45  3:45  Hatchery  
  45  3:48  Zergling x2  
  45  3:49  Zergling x8  
  45  3:54  Zergling x4  
  45  3:55  Zergling x2  
  52  3:56  Baneling x3  
  52  4:01  Zergling x4  
  54  4:16  Overlord  
  54  4:17  Drone x2  
  54  4:19  Drone, Extractor  
  54  4:20  Roach Warren  
  55  4:28  Drone  
  55  4:29  Drone, Baneling  
  55  4:30  Drone x2, Baneling  
  53  4:31  Drone  
  53  4:33  Drone  
  53  4:36  Drone  
  54  4:44  Lair, Extractor  
  51  4:46  Evolution Chamber  
  46  4:53  Zergling x12  
  52  5:02  Drone  
  53  5:08  Drone x2  
  55  5:19  Drone x3  
  55  5:20  Drone x2  
  60  5:25  Drone x2  
  60  5:28  Baneling x2  
  61  5:30  Roach x2  
  61  5:31  Roach x2  
  61  5:32  Roach  
  70  5:37  Overlord  
  70  5:39  Roach x2  
  73  5:44  Overlord  
  71  5:51  Roach  
  72  5:58  Roach x2  
  72  5:59  Roach x2  
  72  6:00  Roach  
  72  6:01  Overlord x2  
  82  6:06  Roach x3  
  82  6:08  Overlord  
  87  6:13  Roach  
  87  6:14  Overlord  
  89  6:18  Overlord  
  89  6:20  Roach x2  
  93  6:26  Roach x2  
  93  6:27  Roach  
Tags
 
Add a new tag
Caveats
  • Supply blocks, unpowered buildings, or Contaminate may cause inaccurate times.
  • Supply counts are checked every 10 seconds.